 Dungeon Crawl Stone Soup version 0.25-a0-110-ge29c8f2358 (webtiles) character file.

Game seed: 16191606053030521986, levelgen mode: deterministic

1444 MisterFreud the Nimble (level 8, -4/50 HPs)
             Began as an Octopode Gladiator on Nov 19, 2019.
             Slain by an orc warrior
             ... wielding a +0 long sword
              (16 damage)
             ... on level 6 of the Dungeon.
             The game lasted 00:06:33 (4882 turns).

MisterFreud the Nimble (Octopode Gladiator)         Turns: 4882, Time: 00:06:34

Health: -4/50      AC:  2    Str: 22    XL:     8   Next: 74%
Magic:  8/8        EV: 17    Int: 10    God:
Gold:   256        SH:  0    Dex: 10    Spells: 7/7 levels left

rFire    . . .     SeeInvis .   a - +1 long sword
rCold    . . .     Gourm    .   (no shield)
rNeg     . . .     Faith    .   b - +1 hat
rPois    +         Spirit   .   (no amulet)
rElec    .         Reflect  .   m - +2 ring of strength
rCorr    .         Harm     .   y - ring of the Rose {rPois MR+++ Str+7 Int-3 Dex-3} (curse)
MR       +++..                  (no ring)
Stlth    ++........             (no ring)
HPRegen  0.16/turn              (no ring)
MPRegen  0.11/turn              (no ring)
                                (no ring)
                                (no ring)

@: no status effects
A: almost no armour, stealthy swim, amphibious, 8 rings, constrict 8, camouflage
1, gelatinous body 1
a: no special abilities


You were on level 6 of the Dungeon.
You were not hungry.

You visited 1 branch of the dungeon, and saw 6 of its levels.

You collected 256 gold pieces.

Inventory:

Hand Weapons
 a - a +1 long sword (weapon)
Missiles
 c - 3 throwing nets (quivered)
 n - 39 bolts
 p - 43 arrows
 r - 85 stones
 w - 17 poisoned darts
 x - 48 sling bullets
Armour
 b - a +1 hat (worn)
Jewellery
 m - a +2 ring of strength (left tentacle)
 y - the cursed ring of the Rose (right tentacle) {rPois MR+++ Str+7 Int-3 Dex-3}
   (You found it on level 5 of the Dungeon)

   [ring of intelligence]

   It affects your strength (+7).
   It affects your intelligence (-3).
   It affects your dexterity (-3).
   It protects you from poison.
   It affects your resistance to hostile enchantments.
   It has a curse placed upon it.
Wands
 k - a wand of random effects (33)
 q - a wand of acid (10)
 u - a wand of iceblast (25)
 z - a wand of digging (5)
Scrolls
 e - 3 scrolls of enchant armour
 i - 3 scrolls of remove curse
 j - a scroll of teleportation
 B - a scroll of identify
Potions
 f - 6 potions of magic
 g - a potion of agility
 h - 2 potions of haste
 l - a potion of berserk rage {unknown}
 o - 4 potions of might
 s - 2 potions of brilliance
 t - a potion of lignification {unknown}
 v - 2 potions of flight {unknown}
 A - a potion of resistance {unknown}
Comestibles
 d - 11 rations
 C - a chunk of flesh


   Skills:
 - Level 2.0 Fighting
 - Level 6.0 Long Blades
 - Level 2.0 Throwing
 + Level 9.6 Dodging


You had 7 spell levels left.
You didn't know any spells.
Your spell library was empty.

Dungeon Overview and Level Annotations

Branches:
Dungeon (6/15)
 Temple: D:4-7

Altars:
Fedhas
The Shining One

Annotations:
D:5 2 transporters, adept's ghost, amateur FoEE
D:6 Sigmund


Innate Abilities, Weirdness & Mutations

You cannot wear most types of armour.
You are very stealthy in the water. (Stealth+)
You are amphibious.
You can wear up to eight rings at the same time.
You can use your tentacles to constrict eight enemies at once.
Your skin changes colour to match your surroundings (Stealth+).
Your rubbery body absorbs attacks. (AC +1, EV +1)


Message History

Your squeeze misses the orc priest.
The orc priest is heavily wounded.
You constrict the orc warrior! The orc priest barely misses you.
You riposte.
You hit the orc priest. You grab the orc priest. You squeeze the orc priest.
You kill the orc priest!
The orc warrior barely misses you.
You riposte.
You hit the orc warrior but do no damage.
You squeeze the orc warrior, but do no damage.
The orc warrior is moderately wounded.
You hit the orc warrior but do no damage.
You squeeze the orc warrior, but do no damage.
The orc warrior is moderately wounded.
You constrict the orc warrior, but do no damage.
The orc warrior hits you with a +0 long sword!
* * * LOW HITPOINT WARNING * * *
You hit the orc warrior. You squeeze the orc warrior!
The orc warrior is severely wounded.
You constrict the orc warrior.
The orc warrior hits you with a +0 long sword!
You die...

?.....[#####
#....o......#
#######...........#
................o...#
................s...#
#..............<.....+
#..........# #....####
#......)...######........
#..............@).....###
##...........####o.....#
....######'#.####.####.#
....+.............. ..>
....###..#.#.####..# ###
....####.#.#... #..+
##.......#.###.###.#
#.............# .#
#........###### .#


You could see an orc warrior.

Vanquished Creatures
  Duvessa (D:4)
  3 phantoms
  An ogre (D:4)
  A centaur (D:5)
  Blork the orc (D:5)
  A bullfrog (D:6)
  Dowan (D:4)
  A scorpion (D:6)
  A howler monkey (D:5)
  3 crimson imps
  A centaur zombie (D:6)
  A hound (D:5)
  A centaur skeleton (D:6)
  2 orc priests (D:6)
  Jessica (D:2)
  Ijyb (D:5)
  2 iguanas
  6 worker ants
  A hound skeleton (D:4)
  3 adders
  An ooze (D:1)
  6 worms
  4 dart slugs
  3 leopard geckos
  7 orcs
  2 ball pythons
  6 bats
  7 giant cockroaches
  9 goblins
  6 hobgoblins
  2 jackals (D:3)
  7 quokkas
  7 frilled lizards
  6 kobolds
  A leopard gecko skeleton (D:6)
  4 rats
111 creatures vanquished.

Vanquished Creatures (others)
  An adder skeleton (D:5)
1 creature vanquished.

Grand Total: 112 creatures vanquished

Notes
Turn   | Place    | Note
-------+----------+-------------------------------------------
     0 | D:1      | MisterFreud the Octopode Gladiator began the quest for the
                  | Orb.
     0 | D:1      | Reached XP level 1. HP: 14/14 MP: 1/1
    42 | D:1      | Reached XP level 2. HP: 19/19 MP: 2/2
   515 | D:1      | Reached XP level 3. HP: 24/24 MP: 3/3
   784 | D:2      | Noticed Jessica
   788 | D:2      | Killed Jessica
   788 | D:2      | Reached XP level 4. HP: 26/29 MP: 4/4
   838 | D:2      | Reached skill level 5 in Long Blades
  1686 | D:3      | Reached XP level 5. HP: 22/34 MP: 5/5
  2244 | D:4      | Noticed an ogre
  2252 | D:4      | Noticed a phantom
  2255 | D:4      | Reached XP level 6. HP: 27/39 MP: 6/6
  2261 | D:4      | Reached skill level 4 in Dodging
  2499 | D:4      | Noticed Dowan
  2503 | D:4      | Noticed Duvessa
  2510 | D:4      | Killed Duvessa
  2510 | D:4      | Reached skill level 5 in Dodging
  2510 | D:4      | Reached XP level 7. HP: 17/45 MP: 7/7
  2512 | D:4      | Killed Dowan
  2746 | D:4      | Reached skill level 6 in Dodging
  2948 | D:4      | Found a blossoming altar of Fedhas.
  3245 | D:5      | Entered Level 5 of the Dungeon
  3245 | D:5      | Noticed Blork the orc
  3251 | D:5      | Killed Blork the orc
  3254 | D:5      | Found a transporter.
  3260 | D:5      | Noticed adept's ghost (amateur FoEE)
  3282 | D:5      | Reached skill level 7 in Dodging
  3419 | D:5      | Noticed Ijyb
  3429 | D:5      | Killed Ijyb
  3718 | D:5      | Reached XP level 8. HP: 44/50 MP: 8/8
  3722 | D:5      | Got a transparent amber ring
  3723 | D:5      | Identified the cursed ring of the Rose {rPois MR+++ Str+7
                  | Int-3 Dex-3} (You found it on level 5 of the Dungeon)
  3886 | D:5      | Found a transporter.
  3888 | D:5      | Found a glowing golden altar of the Shining One.
  4004 | D:5      | Reached skill level 8 in Dodging
  4646 | D:6      | Reached skill level 9 in Dodging
  4664 | D:6      | Noticed Sigmund
  4882 | D:6      | Slain by an orc warrior

Levels and vault maps discovered:
D:1:      lightli_arrival_noodles, layout_loops_ring
D:2:      layout_rooms, uniq_jessica
D:3:      layout_rooms, first_ration
D:4:      layout_rooms, fedhas_altar_1, uniq_duvessa
D:5:      layout_basic, gammafunk_ghost_mausoleum, basic_altar, minivault_24,
          uniq_blork_the_orc, uniq_ijyb
D:6:      layout_basic, palyth_stone_intersect, minmay_small_thing, uniq_sigmund

Skill      XL: |  1  2  3  4  5  6  7  8 |
---------------+-------------------------+-----
Long Blades    | 4 5 6 |  6.0
Dodging        | 5 7 9 |  9.6
Fighting       | |  2.0
Throwing       | |  2.0

Action                   |  1- 3 |  4- 6 |  7- 9 || total
-------------------------+-------+-------+-------++-------
Melee: Long sword        |    36 |    95 |   121 ||   252
       Constrict         |    12 |    34 |    23 ||    69
       Tentacles         |    10 |    33 |    38 ||    81
Evoke: Wand              |       |       |     1 ||     1
  Use: Scroll            |       |    12 |     1 ||    13
       Potion            |       |     2 |       ||     2
 Stab: Sleeping          |     9 |     8 |       ||    17
       Distracted        |       |     1 |     1 ||     2
  Eat: Chunk             |       |     5 |     8 ||    13
Armor: Skin              |     4 |    10 |     9 ||    23
Dodge: Dodged            |    25 |    66 |    79 ||   170
       Rpst.: Long sword |     6 |    19 |    26 ||    51

Table legend:
 A = Non-vault XP
 B = Vault XP
 C = Vault XP percentage of total XP
 D = Non-vault monster count
 E = Vault monster count
 F = Vault count percentage of total count
                 A         B        C        D         E       F
            +---------+---------+-------+---------+---------+-------
      Total |    1672 |     392 |  19.0 |     107 |       5 |   4.5
            +---------+---------+-------+---------+---------+-------
        D:1 |      35 |       0 |   0.0 |      20 |       0 |   0.0
        D:2 |      87 |      37 |  29.8 |      24 |       1 |   4.0
        D:3 |     130 |       0 |   0.0 |      25 |       0 |   0.0
        D:4 |     337 |     220 |  39.5 |      11 |       2 |  15.4
        D:5 |     541 |     135 |  20.0 |      15 |       2 |  11.8
        D:6 |     542 |       0 |   0.0 |      12 |       0 |   0.0
            +---------+---------+-------+---------+---------+-------
